 Dungeon Crawl Stone Soup version 0.31-a0-188-g5e087ee2ca (webtiles) character file.

Game seed: 2458876668069665133

90 qw the Shooter (level 4, -4/25 HPs)
             Began as a Deep Elf Hunter on June 23, 2023.
             Killed by divine providence
             ... invoked by an orc priest
              (13 damage)
             ... on level 2 of the Dungeon.
             The game lasted 00:00:30 (1163 turns).

qw the Shooter (Deep Elf Hunter)                    Turns: 1163, Time: 00:00:31

Health: -4/25      AC:  5    Str: 10    XL:     4   Next: 32%
Magic:  6/6        EV: 12    Int: 14    God:
Gold:   82         SH:  0    Dex: 18    Spells: 3/3 levels left

rFire   . . .        Y - +0 shortbow
rCold   . . .        (shield currently unavailable)
rNeg    . . .        c - +0 leather armour
rPois   .            f - +0 helmet
rElec   .            e - +0 cloak
rCorr   .            (no gloves)
SInv    .            (no boots)
Will    .....        (no amulet)
Stlth   ++           (no ring)
HPRegen 0.24/turn    (no ring)
MPRegen 0.10/turn

%: no passive effects
@: no status effects
A: no striking features
a: no special abilities


You were on level 2 of the Dungeon.
You visited 1 branch of the dungeon, and saw 2 of its levels.

You collected 82 gold pieces.


   Skills:
 - Level 1.5 Fighting
 + Level 7.7 Ranged Weapons
 - Level 2.4 Dodging
 - Level 1.2 Stealth


You had 3 spell levels left.
You didn't know any spells.
Your spell library was empty.

Inventory:

Hand Weapons
 Y - a +0 shortbow (weapon)
Armour
 c - a +0 leather armour (worn)
 e - a +0 cloak (worn)
 f - a +0 helmet (worn)
Scrolls
 a - a scroll of amnesia {unknown}
 b - 2 scrolls of teleportation
 d - a scroll of blinking {unknown}
 h - 4 scrolls of identify {unknown}
 j - a scroll of acquirement {unknown}
 m - a scroll of torment {unknown}
Potions
 g - a potion of enlightenment {unknown}
 i - a potion of haste {unknown}
 k - a potion of heal wounds {unknown}
 l - 2 potions of curing {unknown}

Dungeon Overview and Level Annotations

Branches:
Dungeon (2/15)

Altars:


Message History

Enter note:
Enter note:
Enter note:
Enter note:
1156 ||| FLEEEEING.
Enter note:
Enter note:
Enter note:
Enter note:
Enter note:
Enter note:
Enter note:
Enter note:
Enter note:
Enter note:
Enter note:
Enter note:
1157 ||| Stepping ~*~*~tactically~*~*~ (outnumbered).
You shoot an arrow. The arrow closely misses the orc.
The orc hits you with a +0 flail.
You shoot an arrow. The arrow hits the orc.
The orc is heavily wounded.
The orc priest casts a cantrip, but nothing happens.
The orc barely misses you.
You shoot an arrow. The arrow barely misses the orc.
The orc closely misses you. x2
You shoot an arrow. The arrow hits the orc.
The orc is severely wounded.
The orc priest closely misses you. The orc barely misses you.
The orc hits you but does no damage.
You shoot an arrow. The arrow hits the orc.
The orc is almost dead.
The orc hits you with a +0 flail. The orc hits you but does no damage.
You shoot an arrow. The arrow hits the orc!
You kill the orc!
The orc barely misses you.
The orc priest mumbles some strange prayers to Beogh against you.
Beogh smites you!
Ouch! That really hurt!
You die...

......#..#.##...........
.$#...
......##.#..####...).8..
8..##... ......##.##.#
#..o..... ..# #...
......##.##.####....#######
....
................#........
##.
................##.......
#. ......#.........#
....... #.
.....##........)##.......
...
....###........o@.o......
... #####
#.........o......<. ...
#.........#........ ##.
#.................. #.
#.###.#.........## #
#.#.%...#......... ..
#.#.........#.#.## ....
#.......#.###)#.# ##....
##.###.##.# #.#.# .....


You could see 2 orc priests and an orc.

Vanquished Creatures
  Jessica (D:2)
  2 adders (D:2)
  A worm (D:2)
  2 orcs (D:2)
  5 ball pythons
  4 bats
  4 endoplasms
  3 giant cockroaches
  6 goblins
  6 hobgoblins
  2 jackals (D:2)
  A frilled lizard (D:1)
  A rat (D:1)
38 creatures vanquished.

Notes
Turn   | Place    | Note
-------+----------+-------------------------------------------
     0 | D:1      | qw the Deep Elf Hunter began the quest for the Orb.
     0 | D:1      | Reached XP level 1. HP: 12/12 MP: 3/3
     0 | D:1      | 0 ||| qw: Version: 0.3-a-9-g12657ce
     0 | D:1      | 0 ||| qw: Game counter: 3606
     0 | D:1      | 0 ||| qw: Always use a shield: true
     0 | D:1      | 0 ||| qw: God list: Okawaru
     0 | D:1      | 0 ||| qw: Allow faded altars: false
     0 | D:1      | 0 ||| qw: Do Orc after D:15 true
     0 | D:1      | 0 ||| qw: Do second Lair branch before Depths: true
     0 | D:1      | 0 ||| qw: Lair rune preference: random
     0 | D:1      | 0 ||| qw: Plans: Normal
     0 | D:1      | 0 ||| PLANNING D:1-11
    16 | D:1      | 16 ||| DROPPING ring of magical power.
   128 | D:1      | Reached XP level 2. HP: 16/16 MP: 4/4
   142 | D:1      | Reached skill level 6 in Ranged Weapons
   319 | D:1      | 319 ||| DROPPING +1 heavy sling.
   716 | D:1      | 716 ||| UPGRADING to +0 cloak.
   721 | D:1      | 721 ||| UPGRADING to +0 helmet.
   726 | D:1      | 726 ||| READING scroll labelled YQY XADURESHUR.
   727 | D:1      | 727 ||| READING scroll labelled VATZAC OJ BUDD.
   728 | D:1      | 728 ||| READING scroll labelled XONWAPTIOLYI.
   732 | D:1      | 732 ||| DROPPING scroll of butterflies.
   811 | D:2      | Reached XP level 3. HP: 20/20 MP: 5/5
   985 | D:2      | Reached skill level 7 in Ranged Weapons
  1042 | D:2      | Noticed Jessica
  1044 | D:2      | Killed Jessica
  1045 | D:2      | Reached XP level 4. HP: 25/25 MP: 6/6
  1148 | D:2      | 1148 ||| FLEEEEING.
  1149 | D:2      | 1149 ||| FLEEEEING.
  1150 | D:2      | 1150 ||| FLEEEEING.
  1152 | D:2      | 1152 ||| Stepping ~*~*~tactically~*~*~ (outnumbered).
  1153 | D:2      | 1153 ||| FLEEEEING.
  1154 | D:2      | 1154 ||| FLEEEEING.
  1155 | D:2      | 1155 ||| FLEEEEING.
  1156 | D:2      | 1156 ||| FLEEEEING.
  1157 | D:2      | 1157 ||| Stepping ~*~*~tactically~*~*~ (outnumbered).
  1163 | D:2      | Killed from afar by an orc priest

Levels and vault maps discovered:
D:1:      minmay_arrival_glassed_features, layout_basic, serial_bayou_lake_a
D:2:      cheibrodos_pilgrimage, layout_rooms, minmay_quantized, uniq_jessica

Skill      XL: |  1  2  3 |
---------------+----------+-----
Ranged Weapons | 6 7 |  7.7
Fighting       | |  1.5
Dodging        | |  2.4
Stealth        | |  1.2

Action                     |  1- 3 |  4- 6 || total
---------------------------+-------+-------++-------
   Fire: Shortbow          |    80 |    24 ||   104
    Use: Scroll            |     3 |       ||     3
 Armour: Leather armour    |     4 |     3 ||     7
  Dodge: Dodged            |    10 |    12 ||    22

Table legend:
 A = Non-vault XP
 B = Vault XP
 C = Vault XP percentage of total XP
 D = Non-vault monster count
 E = Vault monster count
 F = Vault count percentage of total count
                 A         B        C        D         E       F
            +---------+---------+-------+---------+---------+-------
      Total |      89 |      43 |  32.6 |      35 |       3 |   7.9
            +---------+---------+-------+---------+---------+-------
        D:1 |      33 |       0 |   0.0 |      19 |       0 |   0.0
        D:2 |      56 |      43 |  43.4 |      16 |       3 |  15.8
            +---------+---------+-------+---------+---------+-------
